General information
			
			
        
        - name: BNet
 
        - type: Ladder team game (AT/RT)
 
        - host: Battle.net
 
        - saver: DIRTMCWORDUP
 
        
map: Slalom 
        - players: 8
 
        - length: 13:04
 
        - speed: Fast
 - version: 1.22 W3XP
 - replay type:  

 
» download(115 KB)
Players
        team 1 (loser) 
              
              
bonesandteeth (
orange | 31 APM | 382 actions | 12:30)
              
 2 Archmage 
 1 Brilliance Aura
 1 Summon Water Elemental
 
                » actions 
                
                | Build / train | 43 |  | 
| Enter build submenu | 21 |  | 
| Enter hero's abilities submenu | 2 |  | 
| Right click | 139 |  | 
| Select / deselect | 135 |  | 
| Use ability | 42 |  | 
                382 total
 » units 
                
                | Peasant | 10 |  | 
| Dragonhawk Rider | 5 |  | 
                15 total
 » upgrades
                
                | Masonry | 3 |  | 
| Swords | 2 |  | 
| Armor | 2 |  | 
| Lumber Harvesting | 2 |  | 
| Storm Hammers | 1 |  | 
| Cloud | 1 |  | 
                11 total
 » buildings
                
                | Altar of Kings | 1 |  | 
| Farm | 5 |  | 
| Lumber Mill | 1 |  | 
| Scout Tower | 9 |  | 
| Guard Tower | 8 |  | 
| Blacksmith | 1 |  | 
| Keep | 1 |  | 
| Barracks | 1 |  | 
| Arcane Vault | 2 |  | 
| Arcane Tower | 1 |  | 
| Castle | 1 |  | 
| Gryphon Aviary | 2 |  | 
                33 total
 » build order
                00:19 Altar of Kings
00:23 Farm
00:28 Lumber Mill
01:30 Scout Tower
02:03 Farm
02:05 Farm
02:07 Guard Tower
03:17 Blacksmith
03:21 Scout Tower
03:22 Scout Tower
03:42 Keep
04:14 Barracks
05:02 Guard Tower
05:20 Arcane Vault
05:41 Arcane Tower
06:46 Arcane Vault
06:52 Castle
07:02 Gryphon Aviary
07:07 Gryphon Aviary
07:55 Scout Tower
08:25 Guard Tower
08:37 Scout Tower
08:43 Scout Tower
08:46 Farm
09:24 Guard Tower
09:58 Scout Tower
09:58 Scout Tower
10:57 Guard Tower
11:11 Scout Tower
11:27 Guard Tower
11:42 Guard Tower
11:52 Guard Tower
12:22 Farm
» items
                 
               
              
              
GOKUMaN69 (
purple | 82 APM | 1026 actions | 12:33)
              
 4 Far Seer 
 2 Feral Spirit
 2 Chain Lighting
 1 Tauren Chieftain 
 1 War Stomp
 
                » actions 
                
                | Assign group hotkey | 22 |  | 
| Basic commands | 4 |  | 
| Build / train | 30 |  | 
| Enter build submenu | 17 |  | 
| Enter hero's abilities submenu | 5 |  | 
| Remove unit from queue | 3 |  | 
| Right click | 547 |  | 
| Select / deselect | 225 |  | 
| Select group hotkey | 130 |  | 
| Use ability | 43 |  | 
                1026 total
 » units 
                » buildings
                
                | Altar of Storms | 1 |  | 
| Orc Burrow | 6 |  | 
| Barracks | 1 |  | 
| Stronghold | 1 |  | 
| Voodoo Lounge | 1 |  | 
| Beastiary | 2 |  | 
| Great Hall | 2 |  | 
                14 total
 » build order
                00:06 Altar of Storms
00:15 Orc Burrow
00:44 Barracks
01:45 Orc Burrow
02:57 Stronghold
04:04 Orc Burrow
04:24 Voodoo Lounge
05:44 Beastiary
05:45 Beastiary
07:48 Great Hall
08:30 Orc Burrow
09:19 Great Hall
09:57 Orc Burrow
10:32 Orc Burrow
 
               
              
              
gov (
red | 115 APM | 1437 actions | 12:27)
              
 4 Archmage 
 1 Summon Water Elemental
 1 Brilliance Aura
 2 Blizzard
 
                » actions 
                
                | Assign group hotkey | 82 |  | 
| Basic commands | 104 |  | 
| Build / train | 42 |  | 
| Enter build submenu | 18 |  | 
| Enter hero's abilities submenu | 4 |  | 
| Remove unit from queue | 3 |  | 
| Right click | 709 |  | 
| Select / deselect | 175 |  | 
| Select group hotkey | 251 |  | 
| Use ability | 47 |  | 
                1437 total
 » units 
                
                | Peasant | 9 |  | 
| Footman | 7 |  | 
| Spell Breaker | 2 |  | 
| Priest | 3 |  | 
| Sorceress | 3 |  | 
                24 total
 » upgrades
                
                | Defend | 1 |  | 
| Sorceress Training | 3 |  | 
| Priest Training | 2 |  | 
                6 total
 » buildings
                
                | Altar of Kings | 1 |  | 
| Barracks | 2 |  | 
| Farm | 9 |  | 
| Keep | 1 |  | 
| Arcane Vault | 1 |  | 
| Arcane Sanctum | 2 |  | 
| Castle | 1 |  | 
                17 total
 » build order
                00:09 Altar of Kings
00:19 Barracks
00:23 Barracks
00:47 Farm
01:10 Farm
01:46 Farm
02:41 Farm
03:04 Keep
03:49 Farm
04:29 Farm
05:08 Arcane Vault
05:35 Arcane Sanctum
05:35 Arcane Sanctum
08:45 Farm
08:45 Farm
08:46 Farm
08:47 Castle
» items
                 
               
              
              
MRPOPO-WNED (
blue | 33 APM | 427 actions | 13:01)
              
 2 Warden 
 1 Shadow Strike
 1 Blink
 
                » actions 
                
                | Assign group hotkey | 9 |  | 
| Build / train | 39 |  | 
| Enter build submenu | 11 |  | 
| Enter hero's abilities submenu | 2 |  | 
| Remove unit from queue | 2 |  | 
| Right click | 177 |  | 
| Select / deselect | 109 |  | 
| Select group hotkey | 47 |  | 
| Use ability | 31 |  | 
                427 total
 » units 
                
                | Wisp | 26 |  | 
| Druid of the Talon | 2 |  | 
                28 total
 » upgrades
                
                | Ultravision | 1 |  | 
| Druid of the Talon Training | 1 |  | 
| Strength of the Wild | 1 |  | 
                3 total
 » buildings
                
                | Altar of Elders | 1 |  | 
| Moon Well | 4 |  | 
| Tree of Ages | 2 |  | 
| Hunter's Hall | 1 |  | 
| Ancient of Wind | 2 |  | 
| Tree of Eternity | 1 |  | 
                11 total
 » build order
                01:08 Altar of Elders
01:10 Moon Well
01:48 Tree of Ages
02:27 Moon Well
02:51 Hunter's Hall
03:59 Tree of Ages
04:21 Moon Well
07:33 Ancient of Wind
08:50 Ancient of Wind
10:15 Moon Well
10:34 Tree of Eternity
 
               team 2 (winner) 
              
              
298739283939208 (
teal | 74 APM | 971 actions | 13:02)
              
 2 Warden 
 1 Blink
 1 Fan of Knives
 1 Shadow Hunter 
 1 Serpent Ward
 
                » actions 
                
                | Assign group hotkey | 4 |  | 
| Build / train | 63 |  | 
| ESC pressed | 1 |  | 
| Enter build submenu | 15 |  | 
| Enter hero's abilities submenu | 4 |  | 
| Right click | 422 |  | 
| Select / deselect | 164 |  | 
| Select group hotkey | 268 |  | 
| Use ability | 30 |  | 
                971 total
 » units 
                » buildings
                
                | Altar of Elders | 1 |  | 
| Moon Well | 1 |  | 
| Tree of Life | 10 |  | 
                12 total
 » build order
                00:08 Altar of Elders
00:19 Moon Well
04:23 Tree of Life
04:50 Tree of Life
05:23 Tree of Life
05:46 Tree of Life
08:25 Tree of Life
09:00 Tree of Life
09:24 Tree of Life
10:09 Tree of Life
11:16 Tree of Life
11:41 Tree of Life
» items
                 
               
              
              
DIRTMCWORDUP (
green | 142 APM | 1857 actions | 13:04)
              
 4 Shadow Hunter 
 3 Healing Wave
 1 Hex
 3 Tauren Chieftain 
 2 Endurance Aura
 1 Shockwave
 
                » actions 
                
                | Assign group hotkey | 21 |  | 
| Basic commands | 135 |  | 
| Build / train | 56 |  | 
| ESC pressed | 3 |  | 
| Enter build submenu | 16 |  | 
| Enter hero's abilities submenu | 7 |  | 
| Give item / drop item | 4 |  | 
| Remove unit from queue | 1 |  | 
| Right click | 604 |  | 
| Select / deselect | 156 |  | 
| Select group hotkey | 803 |  | 
| Use ability | 51 |  | 
                1857 total
 » units 
                
                | Peon | 9 |  | 
| Grunt | 4 |  | 
| Kodo Beast | 1 |  | 
| Shaman | 2 |  | 
| Troll Witch Doctor | 3 |  | 
| Tauren | 3 |  | 
| Spirit Walker | 1 |  | 
                23 total
 » upgrades
                
                | Armor | 2 |  | 
| Shaman Training | 2 |  | 
| Witch Doctor Training | 2 |  | 
| War Drums Damage Increase | 1 |  | 
| Melee Weapons | 2 |  | 
| Pulverize | 1 |  | 
| Spirit Walker Training | 1 |  | 
                11 total
 » buildings
                
                | Altar of Storms | 1 |  | 
| Orc Burrow | 7 |  | 
| Barracks | 1 |  | 
| Stronghold | 2 |  | 
| Voodoo Lounge | 1 |  | 
| War Mill | 1 |  | 
| Fortress | 1 |  | 
| Spirit Lodge | 2 |  | 
| Beastiary | 1 |  | 
| Tauren Totem | 2 |  | 
                19 total
 » build order
                00:06 Altar of Storms
00:09 Orc Burrow
00:52 Barracks
02:01 Orc Burrow
02:10 Stronghold
02:11 Stronghold
03:01 Orc Burrow
03:28 Voodoo Lounge
03:50 Orc Burrow
03:54 War Mill
04:08 Orc Burrow
04:12 Orc Burrow
04:47 Fortress
04:50 Spirit Lodge
05:01 Spirit Lodge
05:04 Beastiary
06:02 Orc Burrow
07:32 Tauren Totem
07:33 Tauren Totem
» items
                
                | Boots of Speed | 2 |  | 
| Scroll of Town Portal | 1 |  | 
| Healing Salve | 1 |  | 
| Orb of Lightning | 1 |  | 
| Lesser Clarity Potion | 1 |  | 
| Tome of Retraining | 1 |  | 
                7 total
  
               
              
              
SceneChicks (
pink | 131 APM | 1706 actions | 13:02)
              
 5 Death Knight 
 3 Death Coil
 2 Unholy Aura
 2 Lich 
 1 Frost Nova
 1 Dark Ritual
 2 Dreadlord 
 1 Sleep
 1 Carrion Swarm
 
                » actions 
                
                | Assign group hotkey | 17 |  | 
| Basic commands | 193 |  | 
| Build / train | 39 |  | 
| ESC pressed | 1 |  | 
| Enter build submenu | 14 |  | 
| Enter hero's abilities submenu | 10 |  | 
| Right click | 740 |  | 
| Select / deselect | 312 |  | 
| Select group hotkey | 324 |  | 
| Use ability | 56 |  | 
                1706 total
 » units 
                
                | Acolyte | 2 |  | 
| Ghoul | 2 |  | 
| Crypt Fiend | 9 |  | 
| Frost Wyrm | 4 |  | 
                17 total
 » upgrades
                
                | Web | 1 |  | 
| Creature Attack | 2 |  | 
| Creature Carapace | 2 |  | 
                5 total
 » buildings
                
                | Crypt | 1 |  | 
| Graveyard | 1 |  | 
| Altar of Darkness | 1 |  | 
| Ziggurat | 7 |  | 
| Tomb of Relics | 1 |  | 
| Halls of the Dead | 1 |  | 
| Black Citadel | 2 |  | 
| Sacrificial Pit | 1 |  | 
| Boneyard | 2 |  | 
                17 total
 » build order
                00:05 Crypt
00:18 Graveyard
00:41 Altar of Darkness
00:53 Ziggurat
01:04 Tomb of Relics
01:24 Ziggurat
01:46 Halls of the Dead
02:12 Ziggurat
03:08 Ziggurat
04:22 Black Citadel
04:22 Black Citadel
06:02 Ziggurat
06:04 Ziggurat
06:06 Sacrificial Pit
06:11 Ziggurat
06:58 Boneyard
07:04 Boneyard
» items
                 
               
              
              
wsa.hidan (
yellow | 43 APM | 567 actions | 13:02)
              
 2 Blademaster 
 1 Wind Walk
 1 Critical Strike
 
                » actions 
                
                | Assign group hotkey | 36 |  | 
| Basic commands | 2 |  | 
| Build / train | 22 |  | 
| Enter build submenu | 3 |  | 
| Enter hero's abilities submenu | 2 |  | 
| Right click | 294 |  | 
| Select / deselect | 34 |  | 
| Select group hotkey | 155 |  | 
| Use ability | 19 |  | 
                567 total
 » units 
                » buildings
                
                | Altar of Storms | 1 |  | 
| Orc Burrow | 1 |  | 
| Voodoo Lounge | 1 |  | 
                3 total
 » build order
                00:05 Altar of Storms
00:07 Orc Burrow
01:18 Voodoo Lounge
» items
                
                | Healing Salve | 1 |  | 
| Lesser Clarity Potion | 1 |  | 
| Scroll of Speed | 1 |  | 
| Boots of Speed | 4 |  | 
| Staff of Teleportation | 1 |  | 
                8 total
  
                Chat log
          (00:13 / All) GOKUMaN69: fuvk u orger
(00:16 / All) MRPOPO-WNED: TIME SUXXXXX
(00:22 / All) SceneChicks: said clan buly trash
(00:29 / All) gov: Rude
(00:30 / All) MRPOPO-WNED: is bear there
(00:33 / All) SceneChicks: yes im bear
(00:36 / All) SceneChicks: hello
(00:38 / All) MRPOPO-WNED: faggot
(00:41 / All) DIRTMCWORDUP: damn
(00:43 / All) DIRTMCWORDUP: an angry little bitch
(00:49 / All) GOKUMaN69: manner 
(00:56 / All) MRPOPO-WNED: how does it feel to have you internet girl friend dump you and move to utah?
(00:59 / All) MRPOPO-WNED: homo
(00:59 / All) GOKUMaN69: trying 2 get 260 apm here
(01:01 / All) GOKUMaN69: sigh
(01:06 / All) GOKUMaN69: -_-
(01:14 / All) DIRTMCWORDUP: good luck john matheson you gonna need like 5x your regular apm for that
(01:17 / All) SceneChicks: u barely scrap 100
(01:18 / All) SceneChicks: lol
(01:23 / All) GOKUMaN69: 1v1?
(01:25 / All) DIRTMCWORDUP: sure
(01:27 / All) SceneChicks: no nigger.
(01:30 / All) gov: Dam these burns are really hot
(01:31 / All) DIRTMCWORDUP: ill add to my huge collection of me raping you
(01:39 / All) SceneChicks: 3-1 solo by red
(01:39 / All) GOKUMaN69: u anigger
(01:40 / All) SceneChicks: LOL!
(01:51 / All) gov: impressed
(02:09 / Allies) wsa.hidan: we lose
(02:11 / Allies) wsa.hidan: green is newb
(02:43 / All) MRPOPO-WNED: TIMG HAS A JEW FAGGOT NOSE
(02:53 / All) gov: lmao
(03:08 / All) MRPOPO-WNED: HOW DO YOU FIT TIMG IN AN ASH TRAY?!
(03:17 / All) DIRTMCWORDUP: who is this guy
(03:20 / All) MRPOPO-WNED: BURN THAT FUCKING JEW IN A FUCKING OVEN
(03:23 / All) MRPOPO-WNED: HEIL HITLER
(03:26 / All) gov: mrpopo
(03:30 / All) gov: Damm that's a good one
(03:33 / All) GOKUMaN69: who is this
(06:30 / All) 298739283939208: uy like that?
(07:53 / All) SceneChicks: lol
(08:02 / All) bonesandteeth: fuck you
(08:08 / All) SceneChicks: leave
(08:13 / All) gov: Rude
(08:19 / All) bonesandteeth: manner
(11:51 / All) DIRTMCWORDUP: gg
(11:52 / All) SceneChicks: over
(12:21 / All) gov: Gg all
(12:32 / All) DIRTMCWORDUP: bye
(12:34 / All) DIRTMCWORDUP: thanks for another free win
(12:56 / All) MRPOPO-WNED: TIMG IM GOING TO DO TO YOU WHAT THE FUHUR SHOULD HAVE DONE 50 YEARS AGO